 Dungeon Crawl Stone Soup version 0.29-a0-994-gc5c9f59d18 (webtiles) character file.

Game seed: 7574939051195930905

3236 Newt the Skirmisher (level 10, -3/59 (60) HPs)
             Began as a Kobold Hunter on Aug 3, 2022.
             Was an Initiate of Gozag.
             Slain by a kobold
             ... wielding a +0 whip
              (4 damage)
             ... on level 7 of the Dungeon.
             The game lasted 00:16:39 (7834 turns).

Newt the Skirmisher (Kobold Hunter)                 Turns: 7834, Time: 00:16:40

HP:   -3/59 (60)    AC: 11    Str: 17    XL:     10   Next: 18%
MP:   15/15         EV: 14    Int:  9    God:    Gozag
Gold: 1735          SH:  0    Dex: 24    Spells: 16/16 levels left

rFire   . . .      SeeInvis +   a - +0 shortbow (vorpal)
rCold   . . .      Faith    .   (shield currently unavailable)
rNeg    . . .      Spirit   .   d - +3 scale mail {Will+}
rPois   +          Reflect  .   (no helmet)
rElec   .          Harm     .   (no cloak)
rCorr   .          Rampage  .   (no gloves)
Will    +....                   (no boots)
Stlth   +++.......              (no amulet)
HPRegen 0.19/turn               k - +6 ring of dexterity
MPRegen 0.14/turn               e - ring of see invisible

@: gold aura, lightly drained
A: small, no large weapons, nightstalker 3, talons 1, iridescent scales 1,
poison resistance, strong 1
a: Renounce Religion, Potion Petition, Call Merchant, Bribe Branch


You were on level 7 of the Dungeon.
You worshipped Gozag.
Gozag was most pleased with you.
You visited 1 branch of the dungeon, and saw 8 of its levels.

You collected 1992 gold pieces.
You paid 257 gold pieces to Gozag.

Inventory:

Hand Weapons
 a - a +0 vorpal shortbow (weapon)
 u - the +9 whip "Ukimn" {spect, rElec Int+6}
   (You found it on level 6 of the Dungeon)

   When its wielder attacks, the weapon's spirit leaps out and strikes again.
   The spirit shares a part of any damage it takes with its wielder.
   Int:       It affects your intelligence (+6).
   rElec:     It insulates you from electricity.
Armour
 c - a +0 leather armour
 d - a +3 scale mail of willpower (worn)
Jewellery
 e - a ring of see invisible (right hand)
 i - a ring of resist corrosion
 k - a +6 ring of dexterity (left hand)
Wands
 l - a wand of iceblast (3)
 m - a wand of flame (17)
 o - a wand of charming (5)
Scrolls
 b - 3 scrolls of immolation
 t - a scroll of amnesia
Potions
 g - 3 potions of degeneration
 j - a potion of magic
 p - a potion of cancellation {unknown}
 q - a potion of ambrosia {unknown}
 s - 2 potions of attraction


   Skills:
 + Level 5.7 Fighting
 + Level 13.4 Ranged Weapons
 + Level 3.6 Armour
 + Level 3.9 Dodging
 + Level 3.4 Stealth
 * Level 3.9 Spellcasting
 * Level 3.9 Ice Magic
 + Level 1.3 Evocations


You had 16 spell levels left.
You didn't know any spells.
Your spell library contained the following spells:

 Spells                   Type           Power      Damage    Failure   Level
 Frozen Ramparts          Ice            16%        1d9       45%         3
 Poisonous Vapours        Pois/Air       2%         N/A       80%         2
 Ice Form                 Ice/Tmut       5%         N/A       98%         4
 Summon Ice Beast         Ice/Summ       5%         N/A       98%         4
 Corpse Rot               Necr/Pois/Air  Unusable   N/A       N/A         4

Dungeon Overview and Level Annotations

Branches:
Dungeon (8/15)             Temple (0/1) D:5
   Lair: D:8-11

Altars:
Elyvilon
Gozag
Makhleb
Nemelex Xobeh
Xom
Zin

Shops:
D:1 (

Annotations:
D:3 logorrheac's ghost, weakling GnWn


Innate Abilities, Weirdness & Mutations

You are small and have problems with some larger weapons.
You are completely attuned to the shadows.
You have sharp toenails.
You are partially covered in iridescent scales. (AC +2)
Your system is resistant to poisons. (rPois)
Your muscles are strong. (Str +4, Int/Dex -1)


Message History

The kobold shouts!
The kobold shouts!
The arrow hits the kobold!
You kill the kobold!
The kobold is no longer distracted by gold. x3
The kobold is distracted by your dazzling golden aura. x2
Aiming: Iceblast
Press: ? - help, Q - select action, (/) - cycle Shift-Dir - straight line, p - kobold The mass of ice explodes!
The iceblast engulfs the kobold!
You kill the kobold!
The iceblast engulfs the wight.
The wight partially resists.
The wight is lightly damaged.
The kobold shouts! x2
You hear a shout!
A kobold comes into view. It is wielding a +0 club.
Aiming: Throw Flame
Press: ? - help, Q - select action, (/) - cycle Shift-Dir - straight line, f - wight
Aim: a wight, wielding a +1 short sword of freezing and wearing a +0 robe (lightly damaged, 68% to hit)
The puff of flame hits the wight.
The wight is heavily damaged.
The kobold is no longer distracted by gold.
The wight is distracted by your dazzling golden aura.
The kobold is distracted by your dazzling golden aura.
Aiming: Throw Flame
Press: ? - help, Q - select action, (/) - cycle Shift-Dir - straight line, f/p - wight
Aim: a wight, wielding a +1 short sword of freezing and wearing a +0 robe (heavily damaged, unaware, hasn't noticed you, 68% to hit)
The puff of flame hits the wight but does no damage.
The wight is heavily damaged.
The wight is no longer distracted by gold.
The kobold shouts!
The kobold is no longer distracted by gold.
The wight hits you with a +1 short sword of freezing.
* * * LOW HITPOINT WARNING * * *
You feel drained.
* * * LOW HITPOINT WARNING * * *
The wight freezes you.
* * * LOW HITPOINT WARNING * * *
The kobold hits you with a +0 whip.
You die...
Your body crumbles into a pile of gold.

... #..
..##.... #.
....#.#
..####$$....
.....#.$....
...K..K$$...
...K..K@....
.....$Kz.###
........##
...##.....
...#.......
..........#
..........#
..........#.
....#.......


You could see a wight and 5 kobolds.

Vanquished Creatures
  Maurice (D:8)
  Psyche (D:8)
  A wyvern (D:8)
  2 steam dragons (D:7)
  3 water moccasins
  An orc warrior (D:8)
  2 ogres (D:6)
  2 centaurs
  A kobold brigand (D:7)
  A phantom (D:4)
  2 bullfrogs
  3 necrophages
  3 wights (D:8)
  A howler monkey (D:5)
  2 quasits (D:3)
  7 hounds
  An orc priest (D:7)
  4 jellies
  4 iguanas
  2 orc wizards
  9 gnolls
  12 adders
  A white imp (D:8)
  An ufetubus (D:6)
  A worm (D:3)
  2 dart slugs (D:1)
  15 orcs
  4 endoplasms
  2 giant cockroaches
  5 goblins
  6 hobgoblins
  3 jackals (D:1)
  8 kobolds
  5 quokkas
  9 ball pythons
  3 bats
  2 frilled lizards
  9 rats
141 creatures vanquished.

Vanquished Creatures (collateral kills)
  An ice beast (D:7)
  A jelly (D:7)
  2 orcs
4 creatures vanquished.

Vanquished Creatures (others)
  8 fungi
8 creatures vanquished.

Grand Total: 153 creatures vanquished

Notes
Turn   | Place    | Note
-------+----------+-------------------------------------------
     0 | D:1      | Newt the Kobold Hunter began the quest for the Orb.
     0 | D:1      | Reached XP level 1. HP: 12/12 MP: 1/1
    41 | D:1      | Found Utema's Weapon Shop.
   221 | D:1      | Reached XP level 2. HP: 17/17 MP: 2/2
   249 | D:1      | Reached skill level 6 in Ranged Weapons
   294 | D:1      | Reached XP level 3. HP: 20/21 MP: 3/3
   810 | D:2      | Reached skill level 7 in Ranged Weapons
   810 | D:2      | Reached XP level 4. HP: 26/27 MP: 4/4
   832 | D:2      | Gained mutation: You possess an exceptional clarity of
                  | mind. [potion of mutation]
   832 | D:2      | Gained mutation: You have large cloven feet. [potion of
                  | mutation]
   832 | D:2      | Gained mutation: Your system is resistant to poisons.
                  | (rPois) [potion of mutation]
   832 | D:2      | Gained mutation: Your movements are slightly less
                  | encumbered by armour. (ER -2) [potion of mutation]
  1118 | D:2      | Reached skill level 1 in Armour
  1121 | D:2      | Reached XP level 5. HP: 20/31 MP: 5/5
  1423 | D:2      | Reached skill level 8 in Ranged Weapons
  1803 | D:3      | Reached XP level 6. HP: 36/36 MP: 6/6
  2019 | D:3      | Found an opulent altar of Gozag.
  2019 | D:3      | Found a glowing silver altar of Zin.
  2039 | D:3      | Became a worshipper of Gozag Ym Sagoz the Greedy
  2319 | D:3      | Found a transporter.
  2340 | D:3      | Found a transporter.
  2342 | D:3      | Noticed logorrheac's ghost (weakling GnWn)
  2347 | D:3      | Identified a scroll of acquirement
  2347 | D:3      | Acquired 1229 gold pieces
  2353 | D:3      | Reached skill level 9 in Ranged Weapons
  2942 | D:4      | Reached XP level 7. HP: 28/41 MP: 7/7
  3052 | D:4      | Found a sparkling altar of Nemelex Xobeh.
  3945 | D:5      | Entered Level 5 of the Dungeon
  4394 | D:5      | Found a staircase to the Ecumenical Temple.
  4454 | D:5      | Noticed a water moccasin
  4456 | D:5      | Killed a water moccasin
  4457 | D:5      | Reached skill level 10 in Ranged Weapons
  4660 | D:5      | Reached XP level 8. HP: 26/48 MP: 8/8
  5322 | D:6      | Reached skill level 1 in Ice Magic
  5400 | D:6      | Reached skill level 1 in Spellcasting
  5415 | D:6      | Found a burning altar of Makhleb.
  5496 | D:6      | Reached skill level 11 in Ranged Weapons
  5767 | D:6      | Found a white marble altar of Elyvilon.
  5804 | D:6      | Identified the +9 whip "Ukimn" {spect, rElec Int+6}
  5834 | D:6      | Reached XP level 9. HP: 52/52 MP: 10/12
  5862 | D:6      | Found a shimmering altar of Xom.
  5992 | D:7      | You fall into a shaft and drop 1 floor!
  6026 | D:8      | HP: 3/79 [poisoned by an orc warrior]
  6364 | D:8      | Reached skill level 12 in Ranged Weapons
  7286 | D:8      | Reached skill level 5 in Fighting
  7453 | D:8      | Noticed Maurice
  7494 | D:8      | Noticed a manticore
  7502 | D:8      | Killed Maurice
  7503 | D:8      | Noticed Psyche
  7522 | D:8      | Killed Psyche
  7523 | D:8      | Reached skill level 1 in Evocations
  7782 | D:7      | Lost mutation: You possess an exceptional clarity of mind.
                  | [potion of mutation]
  7782 | D:7      | Lost mutation: You have large cloven feet. [potion of
                  | mutation]
  7782 | D:7      | Gained mutation: Your muscles are strong. (Str +4, Int/Dex
                  | -1) [potion of mutation]
  7782 | D:7      | Gained mutation: You are robust. (+10% HP) [potion of
                  | mutation]
  7782 | D:7      | Gained mutation: You have sharp toenails. [potion of
                  | mutation]
  7783 | D:7      | Lost mutation: Your movements are slightly less encumbered
                  | by armour. (ER -2) [potion of mutation]
  7783 | D:7      | Lost mutation: Your system is resistant to poisons. (rPois)
                  | [potion of mutation]
  7783 | D:7      | Lost mutation: You are robust. (+10% HP) [potion of
                  | mutation]
  7783 | D:7      | Gained mutation: You are partially covered in iridescent
                  | scales. (AC +2) [potion of mutation]
  7783 | D:7      | Gained mutation: Your system is resistant to poisons.
                  | (rPois) [potion of mutation]
  7803 | D:7      | Reached skill level 13 in Ranged Weapons
  7803 | D:7      | Reached XP level 10. HP: 45/60 MP: 13/15
  7834 | D:7      | HP: 2/59 [wight/+1 short sword of freezing (2)]
  7834 | D:7      | Slain by a kobold

Illustrated notes

Levels and vault maps discovered:
D:1:      lemuel_arrival_funnel, layout_basic, serial_shops,
          nicolae_shop_statue_plus, amcnicky_mini_pool_small
D:2:      layout_loops_cross, chequers_serial_rivers_small_a,
          dreamdust_mushroom_princess
D:3:      layout_loops_cross, grunt_temple_overflow_gold_and_silver,
          gammafunk_ghost_stat_death
D:4:      cheibrodos_helix_gallery, layout_loops_ring,
          mainiacjoe_overflow_24_doors
D:5:      layout_loops_corners, minmay_temple_entry_large_hall,
          portal_sewer_entry_a, dreamdust_gnoll_farm
D:6:      layout_rooms, makhleb_altar_promises_db, elyvilon_altar_5,
          mainiacjoe_overflow_brackets
D:7:      layout_cave_pools, nicolae_ru_sacrificial_ziggurat,
          mainiacjoe_overflow_alcove_2, minmay_ruined_shrine
D:8:      layout_loops_ring, nicolae_uskayaw_dance_hall,
          nicolae_tso_carved_into_rock, minmay_misc_feat_cross, uniq_psyche,
          uniq_maurice

Skill      XL: |  1  2  3  4  5  6  7  8  9 |
---------------+----------------------------+-----
Ranged Weapons | 6 7 8 9 10 11 13 | 13.4
Armour         | 1 2 3 |  3.6
Fighting       | 3 4 5 |  5.7
Dodging        | 3 |  3.9
Stealth        | 2 3 |  3.4
Ice Magic      | 2 3 |  3.9
Spellcasting   | 2 3 |  3.9
Evocations     | 1 |  1.3

Action                   |  1- 3 |  4- 6 |  7- 9 | 10-12 || total
-------------------------+-------+-------+-------+-------++-------
 Fire: Shortbow          |    76 |   149 |   232 |    26 ||   483
Invok: Potion Petition   |       |     1 |       |       ||     1
Evoke: Wand              |       |     3 |    11 |     5 ||    19
  Use: Scroll            |       |     7 |    15 |       ||    22
       Potion            |       |     1 |     5 |       ||     6
Armor: Leather armour    |     3 |       |       |       ||     3
       Scale mail        |       |    89 |    43 |    12 ||   144
Dodge: Dodged            |    31 |   126 |   118 |    17 ||   292

Table legend: (Time is in decaauts)
 A = Elapsed time spent in this place.
 B = Non-inter-level travel time spent in this place.
 C = Inter-level travel time spent in this place.
 D = Time resting spent in this place.
 E = Time spent auto-exploring this place.
 F = Levels seen in this place.
 G = Mean time per level.
                   A        B        C        D        E       F      G
               +--------+--------+--------+--------+--------+-----+--------+
         Total |   7921 |   7753 |    168 |    929 |   5852 |   8 |  990.1 |
       Dungeon |   7921 |   7753 |    168 |    929 |   5852 |   8 |  990.1 |
               +--------+--------+--------+--------+--------+-----+--------+

Top non-repeatable levels by time:
     D:8: 1545 daAuts
     D:5: 1362 daAuts
     D:3: 1275 daAuts
     D:4: 1087 daAuts
     D:2: 947 daAuts
     D:1: 716 daAuts
     D:6: 672 daAuts
     D:7: 315 daAuts
